 Dungeon Crawl Stone Soup version 0.24.0-1-gfbc8707 (webtiles) character file.

Game seed: 10466075817254280493, levelgen mode: deterministic

359 BleediousPenious the Slasher (level 6, 0/47 HPs)
             Began as a Human Fighter on Jan 11, 2020.
             Splashed by a jelly's acid (8 damage)
             ... on level 4 of the Dungeon.
             The game lasted 00:07:03 (3103 turns).

BleediousPenious the Slasher (Human Fighter)        Turns: 3103, Time: 00:07:03

Health: 0/47       AC:  1    Str: 17    XL:     6   Next: 98%
Magic:  6/6        EV:  8    Int:  9    God:
Gold:   192        SH:  9    Dex: 13    Spells: 5/5 levels left

rFire    . . .     SeeInvis .   a - +0 long sword
rCold    . . .     Gourm    .   c - +0 shield
rNeg     + . .     Faith    .   b - +0 scale mail
rPois    .         Spirit   .   k - +2 hat
rElec    .         Reflect  .   (no cloak)
rCorr    .         Harm     .   (no gloves)
MR       .....                  (no boots)
Stlth    ..........             (no amulet)
HPRegen  0.15/turn              l - ring of positive energy
MPRegen  0.10/turn              (no ring)

@: corroded
A: no striking features
a: no special abilities


You were on level 4 of the Dungeon.
You were not hungry.

You visited 1 branch of the dungeon, and saw 4 of its levels.

You collected 192 gold pieces.

Inventory:

Hand Weapons
 a - a +0 long sword (weapon)
Armour
 b - a +0 scale mail (worn)
 c - a +0 shield (worn)
 g - a +1 helmet
 k - a +2 hat (worn)
Jewellery
 l - a ring of positive energy (left hand)
Wands
 o - a wand of digging (5)
Scrolls
 q - 2 scrolls of remove curse
 t - 6 scrolls of identify
Potions
 d - a potion of might
 e - 2 potions of haste
 h - 2 potions of heal wounds {unknown}
 i - a potion of flight {unknown}
 m - a potion of ambrosia {unknown}
 n - 3 potions of curing {unknown}
 r - a potion of lignification {unknown}
 s - a potion of cancellation {unknown}
Comestibles
 f - 10 rations


   Skills:
 + Level 3.6 Fighting
 + Level 4.5 Long Blades
 + Level 4.1 Armour
 + Level 1.8 Dodging
 + Level 4.1 Shields


You had 5 spell levels left.
You didn't know any spells.
Your spell library contained the following spells:

 Spells                   Type           Power        Failure   Level  Hunger
 Confusing Touch          Hex            #.....       99%         1    ##.....
 Confuse                  Hex            #.......     100%        3    ####...
 Gell's Gravitas          Tloc           #.........   100%        3    ####...
 Petrify                  Tmut/Erth      #.......     100%        4    #####..
 Metabolic Englaciation   Hex/Ice        #.........   100%        5    ######.
 Yara's Violent Unravell  Hex/Tmut       #.........   100%        5    ######.


Dungeon Overview and Level Annotations

Branches:
Dungeon (4/15)
 Temple: D:4-7

Altars:
Elyvilon
Gozag
Hepliaklqana
Makhleb
Qazlal
Sif Muna
Uskayaw
Wu Jian
Yredelemnul


Message History

The jelly closely misses you. x2; You riposte.
You hit the jelly.
The jelly is heavily wounded.
You hit the jelly.
Your hands burn!
The jelly is heavily wounded.
The jelly jiggles.
You block the jelly's attack.
You hit the jelly but do no damage. The acid corrodes you!
Your hands burn!
* * * LOW HITPOINT WARNING * * *
The jelly is heavily wounded.
The jelly closely misses you.
You hit the jelly.
Your hands burn!
* * * LOW HITPOINT WARNING * * *
The jelly is heavily wounded.
The jelly completely misses you.
You see here a potion of haste.
e - 2 potions of haste (gained 1)
The jelly hits you.
* * * LOW HITPOINT WARNING * * *
You are splashed with acid!
You die...

###### #....# #....#
#....########## #######
#.............# .......
#.............# .......
#.............######.......
................@J[...>...#
.....)...........#####.##.#
#####†........##..#
#.........###.#
############### .# ........
## ########


You could see a jelly.

Vanquished Creatures
  An ogre (D:4)
  A hound (D:4)
  A bullfrog skeleton (D:4)
  A centaur skeleton (D:4)
  Jessica (D:2)
  2 worker ants (D:4)
  3 adders (D:3)
  A worm (D:3)
  A dart slug (D:1)
  8 orcs
  5 giant cockroaches
  8 goblins
  13 hobgoblins
  4 kobolds
  A quokka (D:4)
  8 bats
  4 frilled lizards
  10 rats
73 creatures vanquished.

Notes
Turn   | Place    | Note
-------+----------+-------------------------------------------
     0 | D:1      | BleediousPenious the Human Fighter began the quest for the
                  | Orb.
     0 | D:1      | Reached XP level 1. HP: 18/18 MP: 1/1
   305 | D:1      | Reached XP level 2. HP: 24/24 MP: 2/2
   579 | D:1      | Reached XP level 3. HP: 29/29 MP: 3/3
  1133 | D:2      | Noticed Jessica
  1135 | D:2      | Found a faded altar of an unknown god.
  1135 | D:2      | Found a white marble altar of Elyvilon.
  1141 | D:2      | Killed Jessica
  1141 | D:2      | Reached XP level 4. HP: 29/35 MP: 4/4
  1187 | D:2      | Found a stormy altar of Qazlal.
  1189 | D:2      | Found a hazy altar of Hepliaklqana.
  1191 | D:2      | Found a faded altar of an unknown god.
  1836 | D:3      | Found a faded altar of an unknown god.
  1858 | D:3      | Found an ornate altar of the Wu Jian Council.
  1861 | D:3      | Found a hide-covered altar of Uskayaw.
  1863 | D:3      | Found a shimmering blue altar of Sif Muna.
  1863 | D:3      | Found a basalt altar of Yredelemnul.
  1868 | D:3      | Found an opulent altar of Gozag.
  1869 | D:3      | Found a burning altar of Makhleb.
  1975 | D:3      | Reached skill level 1 in Dodging
  2083 | D:3      | Reached XP level 5. HP: 38/41 MP: 5/5
  2838 | D:4      | Reached XP level 6. HP: 47/47 MP: 6/6
  2859 | D:4      | Noticed an ogre
  2876 | D:4      | Killed an ogre
  3103 | D:4      | Splashed by a jelly's acid

Levels and vault maps discovered:
D:1:      psy_arrival_terrarium, layout_loops_ring,
          ebering_dispersal_statue_hall
D:2:      layout_basic, chequers_temple_overflow_minitemple, first_ration,
          kennysheep_generic_room_9, uniq_crazy_yiuf_cottage, uniq_jessica
D:3:      layout_basic, grunt_temple_overflow_open,
          chequers_ecumenical_altar_simple
D:4:      layout_basic, ebering_ghost_rock_garden

Skill      XL: |  1  2  3  4  5  6 |
---------------+-------------------+-----
Long Blades    | 3 4 |  4.5
Dodging        | 1 |  1.8
Armour         | 4 |  4.1
Shields        | 4 |  4.1
Fighting       | |  3.6

Action                   |  1- 3 |  4- 6 || total
-------------------------+-------+-------++-------
Melee: Long sword        |   104 |   197 ||   301
  Use: Scroll            |     2 |     3 ||     5
       Potion            |     1 |     1 ||     2
  Eat: Ration            |       |     2 ||     2
       Chunk             |       |     1 ||     1
Armor: Scale mail        |    41 |    87 ||   128
Dodge: Dodged            |    30 |    55 ||    85
Block: Shield            |    56 |    98 ||   154
       Rpst.: Long sword |    10 |    16 ||    26
